 Dungeon Crawl Stone Soup version 0.30.1-11-g7821555f0a (webtiles) character file.

Game seed: 11391930423021122749

1194 Peloso the Carver (level 8, -7/68 HPs)
             Began as a Minotaur Fighter on Nov 16, 2023.
             Was an Initiate of Okawaru.
             Mangled by an ogre
             ... wielding a +0 giant spiked club
              (23 damage)
             ... on level 4 of the Dungeon.
             The game lasted 00:10:21 (4259 turns).

Peloso the Carver (Minotaur Fighter)                Turns: 4259, Time: 00:10:22

Health: -7/68      AC: 16    Str: 20    XL:     8   Next: 20%
Magic:  7/7        EV:  6    Int:  5    God:    Okawaru [......]
Gold:   225        SH:  5    Dex: 13    Spells: 7/7 levels left

rFire   . . .        a - +0 long sword
rCold   . . .        d - +0 buckler
rNeg    . . .        m - +0 plate armour
rPois   .            (helmet restricted)
rElec   .            o - +0 cloak
rCorr   .            t - +0 pair of gloves
SInv    .            j - +0 pair of boots
Will    +....        (no amulet) Stlth
                     w - ring of willpower
HPRegen 0.31/turn    (no ring)
MPRegen 0.10/turn

%: no passive effects
@: no status effects
A: horns 2, retaliatory headbutt
a: Renounce Religion


You were on level 4 of the Dungeon.
You worshipped Okawaru.
Okawaru was noncommittal.
You visited 2 branches of the dungeon, and saw 7 of its levels.

You collected 225 gold pieces.

Inventory:

Hand Weapons
 a - a +0 long sword (weapon)
 b - a +1 whip of flaming
Armour
 c - a +0 chain mail
 d - a +0 buckler (worn)
 j - a +0 pair of boots (worn)
 m - a +0 plate armour (worn)
 o - a +0 cloak (worn)
 t - a +0 pair of gloves (worn)
Jewellery
 v - a ring of magical power
 w - a ring of willpower (left hand)
 x - the amulet "Ehettus" {Acrobat -Tele rPois rN+++ Int-3}
   (You found it on level 4 of the Dungeon)

   [amulet of the acrobat]

   It increases your evasion while moving and waiting.
   Int:       It affects your intelligence (-3).
   rPois:     It protects you from poison.
   rN:        It renders you almost immune to negative energy.
   -Tele:     It prevents most forms of teleportation.
 A - an amulet of the acrobat
 B - an amulet of faith
Scrolls
 e - a scroll of amnesia
 f - 2 scrolls of blinking
 g - 3 scrolls of poison {unknown}
 n - 3 scrolls of enchant weapon {unknown}
 p - 5 scrolls of enchant armour {unknown}
 q - 4 scrolls of teleportation {unknown}
Potions
 h - 2 potions of might
 i - a potion of cancellation
 k - a potion of flight
 l - a potion of degeneration {unknown}
 r - a potion of haste
 s - 2 potions of brilliance
 z - 2 potions of mutation
 C - a potion of lignification


   Skills:
 + Level 5.3 Fighting
 + Level 8.5 Long Blades
 + Level 6.4 Armour
 + Level 0.1 Stealth
 + Level 6.4 Shields


You had 7 spell levels left.
You didn't know any spells.
Your spell library contained the following spells:

 Spells                   Type           Power      Damage    Failure   Level
 Freeze                   Ice            0%         1d3       100%        1
 Sting                    Tmut/Pois      0%         1d3       100%        1
 Blink                    Tloc           0%         N/A       100%        2
 Frozen Ramparts          Ice            0%         1d1       100%        3
 Hailstorm                Conj/Ice       0%         3d3       100%        3
 Manifold Assault         Tloc           0%         N/A       100%        4
 Passage of Golubria      Tloc           0%         N/A       100%        4
 Silence                  Hex/Air        0%         N/A       100%        5
 Ozocubu's Refrigeration  Ice            0%         4d7       100%        7
 Storm Form               Tmut/Air       0%         N/A       100%        7
 Lehudib's Crystal Spear  Conj/Erth      0%         10d2      100%        8
 Polar Vortex             Ice            0%         N/A       100%        9
 Simulacrum               Ice/Necr       Unusable   N/A       N/A         6

Dungeon Overview and Level Annotations

Branches:
Dungeon (6/15)             Temple (1/1) D:5

Altars:
Ashenzari
Cheibriados
Elyvilon
Fedhas
Gozag
Hepliaklqana
Kikubaaqudgha
Makhleb
Nemelex Xobeh
Okawaru
Qazlal
Sif Muna
Trog
Vehumet
Wu Jian
Xom
Yredelemnul
Zin

Shops:
D:3 *


Innate Abilities, Weirdness & Mutations

You have a pair of horns on your head.
You reflexively headbutt those who attack you in melee.


Message History

z - 2 potions of mutation
As you read the scroll of identify, it crumbles to dust.
C - a potion of lignification
As you read the scroll of identify, it crumbles to dust.
l - a scroll of noise You drop a scroll of noise.
As you read the scroll of identify, it crumbles to dust.
e - a scroll of amnesia
As you read the scroll of identify, it crumbles to dust.
u - 2 scrolls of torment You drop 2 scrolls of torment.
l - a fizzy puce potion
(D) Dungeon (T) Temple
Where to? (Enter - D:5, ? - help)
Okay, then.
Search for what [? for help]? map You see here 2 scrolls of torment.
You see here a scroll of noise.
Found a stone staircase leading down.
There is a stone staircase leading up here.
You climb upwards.
There is a stone staircase leading down here.
The ogre shouts!
You can't go down here!
You hit the ogre but do no damage. You headbutt the ogre.
The ogre is lightly wounded.
The ogre hits you with a +0 giant spiked club!!
You hit the ogre.
The ogre is lightly wounded.
The ogre hits you with a +0 giant spiked club!
You slash the ogre!
The ogre is heavily wounded.
You hit the ogre but do no damage. You headbutt the ogre!
The ogre is severely wounded.
The ogre hits you with a +0 giant spiked club!
* * * LOW HITPOINT WARNING * * *
You hit the ogre but do no damage.
The ogre is severely wounded.
The ogre hits you with a +0 giant spiked club!!
You die...

......##.............###..#.#
......##.............# #..#.#
.....................# #).#.#
.....................###..#.#
..........................#.#
.................##...###.#.#####
................#.....###.#.....#
................#.#.......#####.#
........###'#.#.@...#.....#...#.#
........###.#.#O..#.#..#.##.#.#.#
........#...#....<#.#..#........#
........#.###.....#.#..##########
........#.###..........#####
...........................#
##..........#.#............#
†.............#.......)....#
##..........###............#


You could see an ogre.

Vanquished Creatures
  Sigmund (D:3)
  2 centaurs (D:5)
  A phantom (D:6)
  A gnoll sergeant (D:6)
  4 wights (D:6)
  2 hounds
  4 iguanas
  An orc wizard (D:6)
  2 sleepcaps
  Robin (D:2)
  8 gnolls
  7 adders
  A shadow imp (D:5)
  A white imp (D:3)
  3 dart slugs
  11 orcs
  3 ball pythons
  7 endoplasms
  3 giant cockroaches
  18 goblins
  13 hobgoblins
  4 jackals (D:4)
  4 quokkas
  9 bats
  4 frilled lizards
  5 kobolds
  6 rats
126 creatures vanquished.

Notes
Turn   | Place    | Note
-------+----------+-------------------------------------------
     0 | D:1      | Peloso the Minotaur Fighter began the quest for the Orb.
     0 | D:1      | Reached XP level 1. HP: 19/19 MP: 0/0
   170 | D:1      | Reached XP level 2. HP: 22/27 MP: 1/1
   528 | D:1      | Reached XP level 3. HP: 29/33 MP: 2/2
   672 | D:1      | Reached skill level 3 in Long Blades
   939 | D:2      | Noticed Robin
   957 | D:2      | Killed Robin
   958 | D:2      | Reached XP level 4. HP: 29/30 MP: 3/3
  1026 | D:2      | Found a faded altar of an unknown god.
  1116 | D:2      | Reached skill level 4 in Long Blades
  1240 | D:2      | Reached XP level 5. HP: 41/41 MP: 4/4
  1657 | D:3      | Found Boatub's General Store.
  1702 | D:3      | Noticed Sigmund
  1904 | D:4      | Identified the amulet "Ehettus" {Acrobat -Tele rPois rN+++
                  | Int-3}
  2108 | D:4      | Found a broken altar of Ashenzari.
  2133 | D:4      | Reached skill level 5 in Long Blades
  2141 | D:4      | Noticed an ogre
  2366 | D:3      | Killed Sigmund
  2367 | D:3      | Reached skill level 6 in Long Blades
  2367 | D:3      | Reached skill level 5 in Armour
  2367 | D:3      | Reached skill level 5 in Shields
  2367 | D:3      | Reached XP level 6. HP: 38/53 MP: 5/5
  2465 | D:3      | Found a bloodstained altar of Trog.
  2483 | D:3      | Found a shimmering blue altar of Sif Muna.
  2487 | D:3      | Got Sif Muna's Book of the Hornet
  2668 | D:5      | Entered Level 5 of the Dungeon
  2678 | D:5      | Reached XP level 7. HP: 45/60 MP: 6/6
  2765 | D:5      | Found a glowing silver altar of Zin.
  2769 | D:5      | Identified the +3 cloak of Uvelut {rElec rPois MP-9 Int-5}
  2825 | D:5      | Reached skill level 7 in Long Blades
  2850 | D:5      | Found an opulent altar of Gozag.
  2850 | D:5      | Found a sparkling altar of Nemelex Xobeh.
  2852 | D:5      | Found a snail-covered altar of Cheibriados.
  2953 | D:5      | Found a blossoming altar of Fedhas.
  2975 | D:5      | You fall into a shaft and drop 1 floor!
  3109 | D:6      | Reached skill level 5 in Fighting
  3403 | D:6      | Reached skill level 8 in Long Blades
  3403 | D:6      | Reached XP level 8. HP: 62/68 MP: 7/7
  4149 | D:5      | Found a staircase to the Ecumenical Temple.
  4164 | Temple   | Entered the Ecumenical Temple
  4173 | Temple   | Became a worshipper of Warmaster Okawaru
  4259 | D:4      | Mangled by an ogre

Illustrated notes

Levels and vault maps discovered:
D:1:      amcnicky_arrival_single_pillar, layout_loops_ring, serial_bayou_pond_e
D:2:      layout_loops_ring, hellmonk_ecumenical_altar_defaced_shrine,
          dreamdust_wishing_well, minmay_crystal_water, uniq_robin
D:3:      layout_rooms, nzn_overflow_gifts_of_might_and_magic, serial_shops,
          shop, kennysheep_cluttered_room, uniq_sigmund
D:4:      layout_basic, kennysheep_mini_moat, mainiacjoe_overflow_swirl
D:5:      layout_basic, mainiacjoe_overflow_alcove_3, lemuel_doored_altar,
          minmay_temple_entry_wispy
D:6:      layout_loops_ring
Temple:   eino_temple_lava

Skill      XL: |  1  2  3  4  5  6  7 |
---------------+----------------------+-----
Shields        | 4 5 6 |  6.4
Fighting       | 4 5 |  5.3
Armour         | 4 5 6 |  6.4
Long Blades    | 3 4 6 8 |  8.5
Stealth        | |  0.1

Action                     |  1- 3 |  4- 6 |  7- 9 || total
---------------------------+-------+-------+-------++-------
  Melee: Long sword        |   112 |   159 |   122 ||   393
         Headbutt          |    14 |    32 |    30 ||    76
    Use: Potion            |     3 |       |       ||     3
         Scroll            |       |     4 |     5 ||     9
 Armour: Chain mail        |     9 |       |       ||     9
         Scale mail        |     1 |       |       ||     1
         Plate armour      |    61 |   129 |    59 ||   249
  Dodge: Dodged            |    31 |    42 |    23 ||    96
  Block: Buckler           |    24 |    40 |    29 ||    93
